 Dungeon Crawl Stone Soup version 0.20-a0-923-g548304e (webtiles) character file.

498383 Gorglomux the Impregnable (level 24, -5/162 HPs)
             Began as a Tengu Berserker on Mar 26, 2017.
             Was an Elder of Trog.
             Slain by a golden dragon (20 damage)
             ... on level 5 of the Realm of Zot.
             The game lasted 02:48:16 (46418 turns).

Gorglomux the Impregnable (Tengu Berserker)        Turns: 46418, Time: 02:48:17

Health: -5/162     AC: 45    Str: 18    XL:     24   Next: 86%
Magic:  9/9        EV: 21    Int: 10    God:    Trog [****..]
Gold:   3327       SH: 23    Dex: 23    Spells: 23/23 levels left

rFire    + . .     SeeInvis +   b - +9 broad axe (antimagic)
rCold    + + .     Gourm    .   G - +3 large shield {AC+3}
rNeg     . . .     Faith    .   i - +17 plate armour of Woseyss {+Blink rElec rF+ rC+}
rPois    +         Spirit   .   q - +2 hat of the Abyss {rPois}
rElec    +         Reflect  .   X - scarf {repulsion}
rCorr    .         Harm     .   Y - +2 pair of gloves
MR       +++..                  (boots unavailable)
Stlth    ..........             y - amulet of regeneration {+regen, !d}
Regen    1.8/turn               I - ring of see invisible {sInv, !d}
MPRegen  0.2/turn               m - +3 ring of evasion

@: lethally poisoned (-5 -> -5), regenerating, slowed, drained, repel missiles,
very slow
A: beak, talons 3, cold resistance 1, able to fly 2
}: 3/15 runes: serpentine, barnacled, abyssal
a: Fly, Berserk, Trog's Hand, Brothers in Arms, Burn Spellbooks, Renounce
Religion, Evoke Blink


You were on level 5 of the Realm of Zot.
You worshipped Trog.
Trog was greatly pleased with you.
You were not hungry.

You visited 8 branches of the dungeon, and saw 46 of its levels.
You visited the Abyss 1 time.
You visited 1 bazaar.
You also visited: Volcano.

You collected 5822 gold pieces.
You spent 2495 gold pieces at shops.

Inventory:

Hand Weapons
 a - the +8 broad axe of Responsibility {flame, rC+ Stlth+}
   (Trog gifted it to you on level 2 of the Orcish Mines)

   It has been specially enchanted to burn those struck by it, causing extra
   injury to most foes and up to half again as much damage against particularly
   susceptible opponents.
   Big, fiery blades are also staple armaments of hydra-hunters.
   It protects you from cold.
   It makes you more stealthy.
 b - a +9 antimagic broad axe (weapon)
   (Trog gifted it to you on level 5 of the Lair of Beasts)
 s - a +5 executioner's axe of freezing
   (Trog gifted it to you on level 2 of the Orcish Mines)
Missiles
 C - 8 throwing nets {=f, !d}
 R - 4 curare-tipped needles
Armour
 i - the +17 plate armour of Woseyss (worn) {+Blink rElec rF+ rC+}
   (You bought it in a shop on level 1 of the Snake Pit)

   It protects you from fire.
   It protects you from cold.
   It insulates you from electricity.
   It lets you blink.
 q - the +2 hat of the Abyss (worn) {rPois}
   (You acquired it on level 3 of the Vaults)

   It protects you from poison.
 G - a +3 large shield of protection (worn)
   (You took it off Louise on level 15 of the Dungeon)
 X - a scarf of repulsion (worn)
   (You found it on level 2 of the Lair of Beasts)
 Y - a +2 pair of gloves (worn)
   (You found it on level 3 of the Lair of Beasts)
Jewellery
 m - a +3 ring of evasion (right hand)
   (You found it on level 4 of the Shoals)
 t - an uncursed ring of resist corrosion
   (You found it on level 3 of the Dungeon)
 w - a +5 ring of strength
   (You found it on level 3 of the Dungeon)
 y - an amulet of regeneration (around neck) {+regen, !d}
   (You found it on level 3 of the Dungeon)
 I - a ring of see invisible (left hand) {sInv, !d}
   (You found it on level 5 of the Dungeon)
Wands
 c - a wand of iceblast (7/15)
   (You found it on level 3 of the Depths)
 d - a wand of iceblast (6/15)
   (You found it on level 15 of the Dungeon)
 n - a wand of iceblast (5/15)
   (You found it on level 3 of the Vaults)
 r - a wand of acid (6/15)
   (You found it on level 2 of the Depths)
 B - a wand of confusion (14/48)
   (You found it on level 4 of the Depths)
 L - a wand of digging (1/24)
   (You found it on level 5 of the Depths)
 U - a wand of lightning (11/15)
   (You found it on level 6 of the Lair of Beasts)
 Z - a wand of digging (10/24)
   (You found it on level 5 of the Lair of Beasts)
Scrolls
 k - 9 scrolls of teleportation
 l - 11 scrolls of remove curse
 o - a scroll of magic mapping {!r}
 v - 2 scrolls of blinking {!r}
 A - a scroll of fear
 F - 2 scrolls of holy word {!r}
 H - 7 scrolls of recharging
 J - 3 scrolls of immolation {!r}
 N - 6 scrolls of identify
 P - 2 scrolls of summoning
 S - 5 scrolls of fog
 T - 2 scrolls of silence
Potions
 e - 2 potions of heal wounds
 g - 11 potions of curing
 h - 6 potions of agility
 p - 9 potions of haste
 u - 8 potions of ambrosia
 x - a potion of invisibility
 z - 4 potions of resistance
 D - 2 potions of cancellation
 E - 8 potions of mutation {!q}
 Q - 3 potions of might
Miscellaneous
 j - a lightning rod (4/4)
   (You found it on level 5 of the Realm of Zot)
 K - 3 phantom mirrors
 W - a phial of floods
   (You found it on level 6 of the Lair of Beasts)
Comestibles
 f - 27 meat rations {@e2@e2}
 M - a chunk of flesh {@w0@w0}


   Skills:
 + Level 19.9(18.7) Fighting
 - Level 18.8(17.7) Axes
 - Level 6.8(5.9) Throwing
 + Level 21.5(20.3) Armour
 + Level 21.4(20.2) Dodging
 - Level 15.2(14.2) Shields
 - Level 6.6(5.8) Evocations


You had 23 spell levels left.
You didn't know any spells.

Dungeon Overview and Level Annotations

Branches:
Dungeon (15/15)            Temple (0/1) D:6            Lair (6/6) D:9
 Shoals (4/4) Lair:3        Snake (4/4) Lair:3        Slime (0/5) Lair:5
    Orc (2/2) D:9             Elf (0/3) Orc:2        Vaults (5/5) D:13
  Crypt (0/3) Vaults:2     Depths (5/5) D:15            Zot (5/5) Depths:5

Altars:
Dithmenos
Gozag
Nemelex Xobeh
Qazlal
Sif Muna
Trog
Yredelemnul

Shops:
D:4 :   D:15 [   Orc:2 !}*[%   Shoals:1 *   Snake:1 }}=[   Snake:2 (
Snake:4 !(   Depths:1 }

Portals:
Hell: Depths:1 Depths:2 Depths:3 Depths:4 Depths:5
Abyss: Depths:2 Depths:4
Pandemonium: Depths:3
Ziggurat: Depths:5

Annotations:
Depths:5 4 exclusions


Innate Abilities, Weirdness & Mutations

You have a beak for a mouth.
You have claws for feet.
You can fly continuously.
Your flesh is cold resistant. (rC+)


Message History

You turn to flesh and can move again.
Unknown command.
You take 122 damage, and have 18/162 hp.
MASSIVE DAMAGE!!
Unknown command.
Unknown command.
Unknown command.
Unknown command.
Unknown command.
Unknown command.
Unknown command.
Okay, then.
You feel much better.
You feel sick.
You hear a distant "Zot"!
The golden dragon barely misses you. You block the golden dragon's attack.
The golden dragon closely misses you.
The ancient lich touches you but does no damage.
The ancient lich points at you and mumbles some strange words.
The bolt of lightning is repelled.
The bolt of lightning hits the golden dragon.
The golden dragon resists.
The ancient lich gestures at you while chanting.
You block the crystal spear. You block the golden dragon's attack.
The golden dragon completely misses you.
The golden dragon tramples you!
* * * LOW HITPOINT WARNING * * *
You hold your ground!
The Ice Fiend calls on the powers of darkness!
Your body is wracked with pain!
* * * LOW HITPOINT WARNING * * *
The moth of wrath convulses!
You take 2 damage, and have 16/162 hp.
You feel much better.
You feel sick. You block the ancient lich's attack. x2
You hear a distant "Zot"!
The ancient lich touches you but does no damage.
The golden dragon bites you!
* * * LOW HITPOINT WARNING * * *
You block the golden dragon's attack. The golden dragon barely misses you.
The ancient lich touches you but does no damage. x2
The Ice Fiend gestures at you.
The bolt of cold hits the ancient lich.
The ancient lich resists.
The bolt of cold misses you.
You regained 15 hp, and now have 31/162 hp.
Unknown command.
You feel much better.
You block the golden dragon's attack. x2
The golden dragon closely misses you.
The ancient lich points at you and mumbles some strange words.
You feel yourself slow down. The ancient lich barely misses you.
You block the ancient lich's attack.
You hear a distant "Zot"!
The white draconian barely misses you. The golden dragon misses you.
The golden dragon closely misses you. You block the golden dragon's attack.
You regained 26 hp, and now have 57/162 hp.
Unknown command.
Okay, then.
Your skin crawls.
You feel resistant to hostile enchantments.
You feel quite a bit more hungry. Trog will no longer gift you weapons.
You feel sick. The ancient lich touches you.
You feel drained. The ancient lich barely misses you.
You hear a distant "Zot"!
The golden dragon bites you!!
* * * LOW HITPOINT WARNING * * *
You block the golden dragon's attack.
The golden dragon tramples you but does no damage.
The ancient lich misses you. You block the ancient lich's attack.
You hear a distant "Zot"! x2
The ancient lich touches you but does no damage.
You block the white draconian's attack. The golden dragon bites you.
* * * LOW HITPOINT WARNING * * *
The golden dragon claws you but does no damage.
The golden dragon closely misses you. The ancient lich casts a spell at you.
The bolt of cold hits you! You resist.
* * * LOW HITPOINT WARNING * * *
The ancient lich touches you but does no damage.
You take 37 damage, and have 20/162 hp.
MASSIVE DAMAGE!!
Unknown command.
You feel much better.
You feel sick. The ancient lich completely misses you.
You block the golden dragon's attack. x3
The moth of wrath goads the white draconian on!
The white draconian goes berserk!
The ancient lich touches you!
* * * LOW HITPOINT WARNING * * *
You feel drained.
* * * LOW HITPOINT WARNING * * *
The ancient lich touches you but does no damage.
The white draconian hits you with a hand axe!
* * * LOW HITPOINT WARNING * * *
The Ice Fiend calls on the powers of darkness!
Your body is wracked with pain!
* * * LOW HITPOINT WARNING * * *
The moth of wrath convulses!
The ancient lich touches you but does no damage.
The golden dragon closely misses you. The golden dragon barely misses you.
The golden dragon tramples you!!
You die...

,,,,,,* ##......^.....^## *,,,,,z
,,,,,,* #.......[.....# *,,,,,,
,,,,,,* ##...........## *,,,,,,
,,,,,,* #...[.......# *,,,,,,
,,,,,,* ##...........## *,,,,,,
,,,,,** #.............# **,,,,,
,,,,** ##......y^.....## **,,,,
,,,** #.....1LLL......# **,,,
#### ***########@########▓ ▓▓##**
#..# #,,* ##§Dd## #..# #..# #.##
#..* ##...§.## #.)# *#.# #.#
*#.#*##.......####)## ##.### ..#
#..##..###....)...# #..... .⌠##
#.....#####.#.....####.....
#..####...##..# #.##.............
##........###)###.##.........####
#..#####..##).##.##..#####..#


You could see a golden dragon (berserk), 3 ancient liches, an Ice Fiend, a white
draconian (berserk) and a moth of wrath.

Vanquished Creatures
  Mara (Vaults:3)
  Margery (Vaults:3)
  Frederick (Vaults:3)
  Saint Roka (Vaults:4)
  Bai Suzhen (Depths:2)
  Vashnia (Snake:4)
  3 curse toes
  A caustic shrike (Depths:2)
  A golden dragon (Zot:5)
  A bone dragon (Depths:5)
  5 liches
  7 Orb Guardians (Zot:5)
  4 tentacled monstrosities
  Asterion (Vaults:2)
  2 deep elf blademasters (Abyss:3)
  Frances (D:12)
  Kirke (D:12)
  3 sphinxes
  A kraken (Shoals:4)
  3 death cobs
  3 shadow dragons
  2 thorn hunters (Abyss:3)
  A tentacled starspawn (Abyss:3)
  2 tengu reavers
  Roxanne (Shoals:2)
  Donald (Vaults:2)
  2 draconian monks
  4 storm dragons
  Ilsuiw (Shoals:4)
  14 nagarajas
  An orc warlord (Orc:2)
  A draconian scorcher (Depths:5)
  A ghost moth (Zot:4)
  Aizul (Snake:1)
  Louise (D:15)
  2 deep elf sorcerers
  8 fire giants
  8 frost giants
  A draconian knight (Zot:1)
  An iron dragon (Depths:5)
  9 vault wardens
  A balrug (Depths:4)
  A draconian shifter (Zot:1)
  A draconian stormcaller (Zot:1)
  The ghost of Wendigo the Frost Mage, a journeyman DrIE of Sif Muna (Orc:1)
  10 very ugly things
  3 spriggan defenders
  A war gargoyle (D:14)
  15 stone giants
  4 ironheart preservers
  2 draconian annihilators
  4 red draconians
  3 black draconians
  2 vampire knights
  4 green draconians
  A purple draconian (Zot:3)
  3 white draconians
  6 spark wasps (Depths:4)
  7 merfolk javelineers
  9 ettins
  2 deep elf death magi (Vaults:2)
  Snorg (D:14)
  13 merfolk impalers
  14 fire dragons
  5 jiangshi
  2 rakshasas
  Josephine (Lair:5)
  A vault guard (D:13)
  A great orb of eyes (shapeshifter) (Depths:4)
  9 great orbs of eyes
  15 yaktaur captains
  4 hydras
  3 spriggan air magi
  11 naga warriors
  11 ice dragons
  2 merfolk avatars
  11 centaur warriors
  5 death knights
  An alligator snapping turtle (Shoals:4)
  11 anacondas
  7 merfolk aquamancers
  2 catoblepae
  2 deep troll shamans (Depths:2)
  4 satyrs
  4 death yaks (Lair:6)
  31 two-headed ogres
  8 ogre magi
  7 tengu warriors
  A hell hog (Shoals:4)
  4 vampire magi
  4 orc high priests (Orc:2)
  7 deep troll earth magi
  12 naga sharpshooters
  2 shock serpents (Snake:4)
  23 hell knights
  5 spriggan berserkers
  2 sun demons (Depths:4)
  4 thrashing horrors (Abyss:3)
  2 wretched stars (Abyss:3)
  2 deep elf knights (Vaults:1)
  2 salamander mystics
  A spatial maelstrom (Abyss:3)
  2 skeletal warriors
  13 sea snakes
  3 unseen horrors
  20 deep trolls
  10 naga ritualists
  2 flayed ghosts
  A kraken simulacrum (Shoals:4)
  A deep elf archer (Vaults:3)
  An orange crystal statue (D:14)
  2 glowing orange brains
  A phantasmal warrior (Vaults:2)
  2 harpies (shapeshifter)
  A lindwurm (Lair:5)
  8 orc knights
  A wolf spider zombie (D:14)
  4 wizards
  Pikel (D:5)
  10 harpies
  8 necromancers
  An orb spider (Abyss:3)
  14 ironbrand convokers
  15 mana vipers
  2 orc sorcerers (Orc:2)
  41 ugly things
  12 cyclopes
  A manticore (shapeshifter) (Depths:4)
  An orb spider (shapeshifter) (D:15)
  6 deep elf magi
  19 fauns
  A wolf spider (shapeshifter) (Depths:1)
  3 wolf spiders
  10 manticores
  4 moths of wrath
  A salamander (shapeshifter) (Vaults:2)
  A human zombie (Vaults:4)
  3 worldbinders (Abyss:3)
  11 salamanders
  A faun (shapeshifter) (Depths:2)
  9 guardian serpents (Snake:4)
  10 vault sentinels
  6 elephants (Lair:6)
  2 human skeletons
  18 merfolk sirens
  3 oklob plants (Lair:5)
  A molten gargoyle (Depths:2)
  6 water nymphs
  3 centaur zombies
  42 black mambas
  A frost giant skeleton (Vaults:3)
  9 spiny frogs
  2 smoke demons (Abyss:3)
  15 naga magi
  A gargoyle (D:11)
  A spiny frog (shapeshifter) (Vaults:2)
  A torpor snail (Lair:6)
  A komodo dragon (Lair:1)
  48 yaktaurs
  4 rime drakes
  A kobold demonologist (D:14)
  8 freezing wraiths
  A komodo dragon (shapeshifter) (Depths:5)
  3 tengu conjurers
  A yaktaur skeleton (Vaults:3)
  An ancient zyme (Abyss:3)
  11 polar bears
  2 queen bees (shapeshifter)
  A jumping spider (shapeshifter) (Depths:1)
  Grinder (D:6)
  9 hornets
  30 merfolk
  7 trolls
  6 hippogriffs
  6 wind drakes
  A hornet (shapeshifter) (D:13)
  13 blink frogs
  A wolf spider simulacrum (Abyss:3)
  22 slime creatures
  9 snapping turtles
  6 dream sheep
  3 flying skulls (Abyss:3)
  A human simulacrum (Vaults:1)
  6 spriggans
  An ettin skeleton (Vaults:3)
  A centaur simulacrum (D:14)
  2 large abominations (Abyss:3)
  A shadow (D:13)
  9 wraiths
  2 starcursed masses (Abyss:3)
  Eustachio (D:6)
  5 air elementals
  2 wyverns
  48 yaks
  2 humans (D:12)
  A basilisk (Lair:6)
  28 water elementals
  A golden eye (shapeshifter) (Vaults:3)
  2 hogs (D:12)
  A hungry ghost (D:11)
  2 fire elementals
  A steam dragon (D:15)
  3 fire bats (Depths:3)
  3 vampire mosquitoes (D:15)
  5 wargs
  41 nagas
  4 acid dragons
  2 soldier ants (shapeshifter)
  A soldier ant (D:13)
  The ghost of StylePro the Covert, an amateur SpAs (D:4)
  Duvessa (D:4)
  A floating eye (Depths:2)
  21 water moccasins
  35 orc warriors
  17 hell hounds (Lair:6)
  8 porcupines
  3 sky beasts
  2 slaves (D:5)
  13 black bears
  An elf zombie (Vaults:4)
  4 boggarts (Vaults:1)
  2 eyes of draining (shapeshifter)
  5 ice beasts
  7 necrophages (Lair:4)
  3 phantoms
  19 ogres
  17 wolves (Lair:6)
  17 centaurs
  7 big kobolds
  9 crocodiles
  15 bullfrogs
  A gnoll sergeant (D:6)
  2 wyvern zombies (D:14)
  A wyvern skeleton (D:7)
  Dowan (D:4)
  A scorpion (D:12)
  20 wights
  3 electric eels (D:14)
  A howler monkey (D:5)
  9 crimson imps
  8 hounds
  2 quasits
  3 bullfrog zombies
  29 orc priests
  8 jellies
  Crazy Yiuf (D:5)
  2 gnoll shamans
  27 orc wizards
  6 bullfrog skeletons
  9 centaur skeletons
  3 iguanas
  Terence (D:3)
  9 worker ants
  A hound skeleton (D:4)
  A worker ant zombie (D:9)
  15 gnolls
  A howler monkey skeleton (D:7)
  25 adders
  3 shadow imps
  An ufetubus (Vaults:1)
  15 oozes (Lair:3)
  2 worms
  2 dart slugs
  4 leopard geckos
  77 orcs
  2 ball pythons
  5 bats
  3 giant cockroaches
  7 goblins
  8 hobgoblins
  11 jackals
  2 quokkas (D:2)
  6 frilled lizards
  A jackal zombie (D:7)
  24 kobolds
  A leopard gecko skeleton (D:7)
  3 rats
  A spectral orc (D:2)
  3 briar patches (Abyss:3)
  A butterfly (Lair:2)
  2 fungi (Lair:5)
  7 plants
  2 starspawn tentacles (Abyss:3)
  A tentacle (Shoals:4)
1774 creatures vanquished.

Vanquished Creatures (collateral kills)
  A lich (Abyss:3)
  2 tengu reavers (Abyss:3)
  2 shadow dragons (Depths:4)
  A nagaraja (Snake:4)
  A stone giant (Depths:4)
  A starcursed mass (Abyss:3)
  A rakshasa (Abyss:3)
  A hydra (Lair:6)
  3 vault guards (D:13)
  A great orb of eyes (Abyss:3)
  A catoblepas (D:14)
  A spriggan berserker (Depths:5)
  2 death yaks (Lair:6)
  A naga sharpshooter (Snake:4)
  A large abomination (Abyss:3)
  A deep elf archer (D:14)
  A naga ritualist (Snake:4)
  A shambling mangrove (Abyss:3)
  A harpy (Shoals:1)
  2 salamanders (Volcano)
  2 guardian serpents (Snake:4)
  A naga mage (Snake:4)
  2 centaur skeletons (D:13)
  A merfolk (Shoals:1)
  A polar bear (Lair:6)
  A polar bear (shapeshifter) (D:13)
  2 flying skulls (Abyss:3)
  A neqoxec (Abyss:3)
  A chaos spawn (Abyss:3)
  A hungry ghost (D:13)
  2 vampire mosquitoes (D:14)
  An acid dragon (D:14)
  2 small abominations (Abyss:3)
44 creatures vanquished.

Vanquished Creatures (others)
  A hell hog (Abyss:3)
  A vampire mage (Depths:5)
  A deep elf knight (Vaults:1)
  A guardian serpent (Snake:4)
  A water elemental (Depths:4)
  An elf zombie (Vaults:3)
  A necrophage (D:12)
  A worker ant zombie (D:5)
  9 fungi
  23 plants
  4 starspawn tentacles (Abyss:3)
  6 tentacles (Shoals:4)
50 creatures vanquished.

Grand Total: 1868 creatures vanquished

Notes
Turn   | Place    | Note
-------+----------+-------------------------------------------
     0 | D:1      | Gorglomux the Tengu Berserker began the quest for the Orb.
     0 | D:1      | Reached XP level 1. HP: 14/14 MP: 2/2
   142 | D:1      | Reached XP level 2. HP: 16/19 MP: 3/3
   252 | D:1      | Reached skill level 4 in Axes
   852 | D:1      | Reached XP level 3. HP: 23/23 MP: 4/4
  1208 | D:2      | Found a basalt altar of Yredelemnul.
  1497 | D:3      | Reached skill level 5 in Axes
  1503 | D:3      | Reached ** piety under Trog
  1503 | D:3      | Reached XP level 4. HP: 19/28 MP: 5/5
  1510 | D:3      | Reached skill level 6 in Axes
  1687 | D:3      | Gained mutation: You can fly. [Tengu growth]
  1687 | D:3      | Reached XP level 5. HP: 32/32 MP: 6/6
  1749 | D:3      | Noticed Terence
  1754 | D:3      | Killed Terence
  2286 | D:4      | Found Meinimnaz's Book Emporium.
  2343 | D:4      | Reached skill level 7 in Axes
  2362 | D:4      | Reached XP level 6. HP: 30/37 MP: 7/7
  2531 | D:4      | Found a shadowy altar of Dithmenos.
  2535 | D:4      | Noticed Dowan
  2536 | D:4      | Noticed Duvessa
  2542 | D:4      | Killed Duvessa
  2542 | D:4      | Reached skill level 8 in Axes
  2545 | D:4      | Killed Dowan
  2545 | D:4      | Reached XP level 7. HP: 39/41 MP: 8/8
  2707 | D:4      | Noticed StylePro's ghost (amateur SpAs)
  2785 | D:4      | Killed StylePro's ghost
  3112 | D:5      | Entered Level 5 of the Dungeon
  3117 | D:5      | Reached skill level 9 in Axes
  3265 | D:5      | Reached skill level 10 in Axes
  3265 | D:5      | Reached XP level 8. HP: 21/46 MP: 9/9
  3334 | D:5      | Reached *** piety under Trog
  3515 | D:5      | Noticed Pikel
  3527 | D:5      | Killed Pikel
  3527 | D:5      | Reached skill level 11 in Axes
  3581 | D:5      | Found a runed door.
  3629 | D:5      | Found a sparkling altar of Nemelex Xobeh.
  3647 | D:5      | Reached skill level 12 in Axes
  3853 | D:5      | Reached XP level 9. HP: 37/50 MP: 10/10
  4062 | D:5      | Noticed Crazy Yiuf
  4067 | D:5      | Killed Crazy Yiuf
  4455 | D:6      | Reached skill level 13 in Axes
  4522 | D:6      | Found a staircase to the Ecumenical Temple.
  4555 | D:6      | Noticed Eustachio
  4567 | D:6      | Killed Eustachio
  4763 | D:6      | Reached **** piety under Trog
  4927 | D:6      | Noticed Grinder
  4938 | D:6      | Killed Grinder
  5053 | D:6      | Found a stormy altar of Qazlal.
  5342 | D:7      | Reached skill level 14 in Axes
  5348 | D:7      | Got a heavily runed jade ring
  5350 | D:7      | Identified the ring "Xeepra" {Ice +Fly} (You found it on level 7 of the Dungeon)
  5726 | D:7      | Reached XP level 10. HP: 56/56 MP: 11/11
  6396 | D:8      | Reached skill level 15 in Axes
  6891 | D:9      | Found a staircase to the Orcish Mines.
  6894 | D:9      | Gorglomux: !greaterlairer
  6894 | D:9      | Gorglomux: !greatestlairer
  6894 | D:9      | Gorglomux: !greatlairer
  6932 | D:9      | HP: 12/56 [troll (4)]
  6933 | D:9      | HP: 5/56 [troll (8)]
  6961 | D:9      | beem: Unlaired backgrounds for Gorglomux: Arcane Marksman, Artificer, Assassin, Chaos Knight, Earth Elementalist, Necromancer, Venom Mage
  6962 | D:9      | beem: Unlaired species for Gorglomux: Barachi, Felid, Human, Kobold, Naga, Octopode, Ogre, Vine Stalker
  7266 | D:9      | Found a staircase to the Lair.
  7486 | D:10     | Entered Level 10 of the Dungeon
  7594 | D:10     | Reached ***** piety under Trog
  7686 | D:10     | HP: 14/56 [yak (9)]
  7687 | D:10     | HP: 4/56 [yak (11)]
  7692 | D:10     | HP: 2/56 [yak (10)]
  7721 | D:10     | Reached skill level 16 in Axes
  7724 | D:10     | HP: 20/84 [yak (4)]
  8117 | D:10     | Found a deep blue altar of Sif Muna.
  8516 | Lair:1   | Entered Level 1 of the Lair of Beasts
  8529 | Lair:1   | Reached skill level 3 in Armour
  8597 | Lair:1   | Reached skill level 3 in Dodging
  8909 | Lair:2   | Noticed a spiny frog
  8915 | Lair:2   | Killed a spiny frog
  8915 | Lair:2   | Reached skill level 4 in Fighting
  8915 | Lair:2   | Reached XP level 11. HP: 61/61 MP: 12/12
  9082 | Lair:2   | HP: 14/61 [water moccasin (4)]
  9085 | Lair:2   | HP: 6/61 [poisoned by a water moccasin]
  9086 | Lair:2   | HP: 2/61 [water moccasin (2)]
  9088 | Lair:2   | Reached skill level 4 in Armour
  9112 | Lair:2   | Gorglomux: !apt te
  9112 | Lair:2   | beem: Te: Fighting: 0, Short: 1, Long: 1, Axes: 1, Maces: 1, Polearms: 1, Staves: 1, Slings: 0, Bows: 1, Xbows: 1, Throw: 0, Armour: 1, Dodge: 1, Stealth: 1, Shields: 0, UC: 1!, Splcast: -1, Conj: 3!, Hexes: -3, Charms: -2, Summ: 2!, Nec: 1, Tloc: -2, Tmut: -2, Fire: 1, Ice: -1, Air: 3!, Earth: -3*, Poison: 0, Inv: -1*, Evo: 0, Exp: 0, HP: -2, MP: 1
  9193 | Lair:2   | Reached skill level 4 in Dodging
  9392 | Lair:2   | Noticed a catoblepas
  9400 | Lair:2   | Killed a catoblepas
  9400 | Lair:2   | Reached skill level 5 in Fighting
  9400 | Lair:2   | Reached skill level 5 in Armour
  9400 | Lair:2   | Reached skill level 5 in Dodging
  9473 | Lair:2   | HP: 8/64 [cloud of flame (21)]
  9878 | Lair:2   | Gorglomux: !stalk gresup
  9878 | Lair:2   | beem: No milestones for gresup.
  9898 | Lair:3   | Noticed an eight-headed hydra
  9905 | Lair:3   | Killed an eight-headed hydra
  9927 | Lair:3   | Reached skill level 6 in Armour
  9927 | Lair:3   | Reached skill level 6 in Dodging
  9927 | Lair:3   | Reached skill level 6 in Fighting
  9934 | Lair:3   | HP: 19/96 [water moccasin (6)]
  9939 | Lair:3   | HP: 18/96 [poisoned by a water moccasin]
  9944 | Lair:3   | HP: 15/64 [poisoned by a water moccasin]
  9993 | Lair:3   | Found a staircase to the Shoals.
 10074 | Lair:3   | Found a staircase to the Snake Pit.
 10227 | Lair:3   | Found a dark tunnel.
 10275 | Volcano  | Entered a volcano
 10291 | Volcano  | Noticed a salamander mystic
 10303 | Volcano  | Killed a salamander mystic
 10373 | Volcano  | Found a bloodstained altar of Trog.
 10376 | Volcano  | Noticed a salamander
 10384 | Volcano  | Killed a salamander
 10388 | Volcano  | Noticed a salamander
 10389 | Volcano  | Noticed a salamander
 10389 | Volcano  | Noticed a salamander
 10390 | Volcano  | Noticed a red draconian
 10391 | Volcano  | HP: 12/66 [salamander/trident (14)]
 10395 | Volcano  | Killed a salamander
 10397 | Volcano  | Killed a salamander
 10397 | Volcano  | Reached skill level 7 in Armour
 10397 | Volcano  | Reached skill level 7 in Dodging
 10404 | Volcano  | HP: 4/66 [salamander/spear (14)]
 10405 | Volcano  | Killed a salamander
 10405 | Volcano  | Reached XP level 12. HP: 5/71 MP: 13/13
 10697 | Lair:3   | Reached skill level 7 in Fighting
 10898 | Lair:3   | Reached skill level 1 in Shields
 10915 | Lair:3   | Received a gift from Trog
 10923 | Lair:3   | Reached skill level 2 in Shields
 11320 | Lair:4   | Reached skill level 3 in Shields
 11527 | Lair:4   | Reached skill level 4 in Shields
 11537 | Lair:4   | Noticed a catoblepas
 11558 | Lair:4   | Killed a catoblepas
 11620 | Lair:4   | Reached skill level 5 in Shields
 12026 | Lair:5   | Reached skill level 8 in Armour
 12120 | Lair:5   | Noticed Josephine
 12134 | Lair:5   | Killed Josephine
 12134 | Lair:5   | Reached skill level 8 in Dodging
 12151 | Lair:5   | Reached skill level 8 in Fighting
 12351 | Lair:5   | Received a gift from Trog
 12485 | Lair:5   | Reached skill level 9 in Armour
 12534 | Lair:5   | Reached skill level 9 in Dodging
 12534 | Lair:5   | Reached XP level 13. HP: 70/77 MP: 4/14
 12981 | Lair:5   | Found a staircase to the Slime Pits.
 13085 | Lair:6   | Entered Level 6 of the Lair of Beasts
 13170 | Lair:6   | Reached skill level 9 in Fighting
 13375 | Lair:6   | Reached skill level 10 in Armour
 13386 | Lair:6   | Reached skill level 10 in Dodging
 13621 | Lair:6   | Reached skill level 10 in Fighting
 14037 | Lair:6   | Reached skill level 11 in Armour
 14040 | Lair:6   | Reached skill level 11 in Dodging
 14170 | Lair:6   | Gained mutation: You can fly continuously. [Tengu growth]
 14170 | Lair:6   | Reached XP level 14. HP: 86/86 MP: 5/15
 14174 | Lair:6   | Received a gift from Trog
 14229 | Lair:6   | Reached skill level 11 in Fighting
 14885 | D:11     | Received a gift from Trog
 14922 | D:11     | Found Boeluk's Quality Used Wands.
 15335 | D:11     | Got a spiked chain mail
 15713 | D:12     | Reached skill level 12 in Dodging
 15862 | D:12     | Noticed Kirke
 15875 | D:12     | Killed Kirke
 15875 | D:12     | Reached skill level 12 in Armour
 16072 | D:12     | Noticed Frances
 16084 | D:12     | Killed Frances
 16405 | D:13     | Identified the cursed +0 chain mail of the Sailor {rElec Int-4 Dex-4 Stlth+} (You took it off a wight on level 11 of the Dungeon)
 16448 | D:13     | Found an opulent altar of Gozag.
 16919 | D:13     | Reached skill level 12 in Fighting
 16999 | D:13     | Found a gate to the Vaults.
 17027 | D:13     | HP: 30/135 [vault guard/enchanted bardiche (23)]
 17034 | D:13     | HP: 18/92 [vault guard/war axe (6)]
 17123 | D:13     | Found a flickering gateway to a bazaar.
 17154 | Bazaar   | Entered a bazaar
 17154 | Bazaar   | Found Isacroh's Antique Weapon Shoppe.
 17154 | Bazaar   | Found Iwkirpheu's Assorted Antiques.
 17168 | Bazaar   | Bought a scroll labeled UBBACV AFRATH for 23 gold pieces
 17328 | D:13     | Reached XP level 15. HP: 93/96 MP: 5/16
 17956 | D:14     | Reached skill level 13 in Dodging
 18367 | D:14     | Reached skill level 13 in Armour
 18367 | D:14     | Reached skill level 6 in Shields
 18456 | D:14     | Reached ****** piety under Trog
 18491 | D:14     | Received a gift from Trog
 18663 | D:14     | Noticed Snorg
 18665 | D:14     | Noticed a tengu reaver
 18669 | D:14     | Killed Snorg
 18679 | D:14     | Killed a tengu reaver
 19072 | D:15     | Entered Level 15 of the Dungeon
 19111 | D:15     | Found Zet Vim's Antique Armour Shop.
 19117 | D:15     | Bought a heavily runed plate armour for 644 gold pieces
 19127 | D:15     | Identified the cursed +1 plate armour of a sewer {rC+++ Str-3 Int+7} (You bought it in a shop on level 15 of the Dungeon)
 19378 | D:15     | Reached skill level 7 in Shields
 19388 | D:15     | HP: 23/145 [two-headed ogre/dire flail (16)]
 19590 | D:15     | Found a staircase to the Depths.
 19648 | D:15     | Noticed Louise
 19659 | D:15     | Killed Louise
 19783 | D:15     | Reached skill level 13 in Fighting
 20417 | Orc:1    | Entered Level 1 of the Orcish Mines
 20452 | Orc:1    | Found a bloodstained altar of Trog.
 20556 | Orc:1    | Noticed Wendigo's ghost (journeyman DrIE)
 20584 | Orc:1    | Killed Wendigo's ghost
 20625 | Orc:1    | Reached skill level 8 in Shields
 20753 | Orc:1    | Reached XP level 16. HP: 104/104 MP: 5/17
 20785 | Orc:1    | HP: 15/104 [ettin/dire flail (26)]
 20788 | Orc:1    | Reached skill level 14 in Dodging
 21032 | Orc:2    | Entered Level 2 of the Orcish Mines
 21054 | Orc:2    | Received a gift from Trog
 21062 | Orc:2    | Identified a scroll of acquirement
 21090 | Orc:2    | Found a staircase to the Elven Halls.
 21253 | Orc:2    | Found Qoutaosi's General Store.
 21253 | Orc:2    | Found Zujyhicwo's Gadget Boutique.
 21261 | Orc:2    | Found Turhich's Armour Shop.
 21268 | Orc:2    | Reached skill level 14 in Armour
 21282 | Orc:2    | Received a gift from Trog
 21296 | Orc:2    | Got a pitted broad axe {god gift}
 21297 | Orc:2    | Identified the +8 broad axe of Responsibility {flame, rC+ Stlth+} (Trog gifted it to you on level 2 of the Orcish Mines)
 21383 | Orc:2    | Found Keril's Food Shop.
 21386 | Orc:2    | Bought a potion of curing for 36 gold pieces
 21386 | Orc:2    | Bought a scroll of identify for 24 gold pieces
 21386 | Orc:2    | Bought a scroll of brand weapon for 240 gold pieces
 21479 | Orc:2    | Found Wupp's Distillery.
 21487 | Orc:2    | Bought a potion of curing for 42 gold pieces
 21487 | Orc:2    | Bought a potion of resistance for 140 gold pieces
 21487 | Orc:2    | Bought a potion of curing for 42 gold pieces
 21487 | Orc:2    | Bought a potion of heal wounds for 70 gold pieces
 22146 | Snake:1  | Entered Level 1 of the Snake Pit
 22211 | Snake:1  | Found Jennutiu's Antique Armour Shop.
 22274 | Snake:1  | Bought a crude plate armour for 728 gold pieces
 22285 | Snake:1  | Identified the +17 plate armour of Woseyss {+Blink rElec rF+ rC+} (You bought it in a shop on level 1 of the Snake Pit)
 22542 | Snake:1  | You are sucked into a shaft!
 22579 | Snake:2  | Found Etuus's Antique Weapon Shoppe.
 22582 | Snake:2  | Noticed a nagaraja
 22587 | Snake:2  | Killed a nagaraja
 22587 | Snake:2  | Reached skill level 9 in Shields
 22596 | Snake:2  | Noticed a nagaraja
 22607 | Snake:2  | Killed a nagaraja
 22681 | Snake:2  | Noticed a nagaraja
 22703 | Snake:2  | HP: 25/104 [naga mage/halberd (2)]
 22708 | Snake:2  | HP: 33/156 [poisoned by a naga mage (bolt of poison)]
 22713 | Snake:2  | HP: 28/156 [poisoned by a naga mage (bolt of poison)]
 22718 | Snake:2  | HP: 17/104 [poisoned by a naga mage (bolt of poison)]
 22723 | Snake:2  | HP: 20/104 [poisoned by a naga mage (bolt of poison)]
 22990 | Snake:1  | Found Vipetz's Jewellery Shop.
 22991 | Snake:1  | Found Booqah's Gadget Shoppe.
 22991 | Snake:1  | Found Noqia's Gadget Shoppe.
 23349 | Snake:1  | Received a gift from Trog
 23374 | Snake:1  | Noticed Aizul
 23385 | Snake:1  | Killed Aizul
 23859 | Snake:2  | Killed a nagaraja
 24179 | Snake:3  | Reached XP level 17. HP: 78/110 MP: 18/18
 24233 | Snake:3  | Reached skill level 15 in Dodging
 24257 | Snake:3  | Gorglomux: ??plate armour
 24257 | Snake:3  | beem: plate armour[1/1]: 10AC, 18ER.
 24371 | Snake:3  | Reached skill level 17 in Axes
 24376 | Snake:3  | Reached skill level 14 in Fighting
 24599 | Snake:3  | Reached skill level 15 in Armour
 24660 | Snake:3  | Reached skill level 10 in Shields
 24661 | Snake:3  | Received a gift from Trog
 25083 | Snake:4  | Entered Level 4 of the Snake Pit
 25095 | Snake:4  | Noticed Vashnia
 25186 | Snake:4  | HP: 39/166 [nagaraja/flail (4)]
 25191 | Snake:3  | HP: 22/111 [poisoned by a naga (splash of poison)]
 25196 | Snake:3  | HP: 13/111 [poisoned by a naga (splash of poison)]
 25201 | Snake:3  | HP: 12/111 [poisoned by a naga (splash of poison)]
 25206 | Snake:3  | HP: 10/111 [poisoned by a naga (splash of poison)]
 25211 | Snake:3  | HP: 10/111 [poisoned by a naga (splash of poison)]
 25216 | Snake:3  | HP: 11/111 [poisoned by a naga (splash of poison)]
 25223 | Snake:3  | HP: 14/111 [poisoned by a naga (splash of poison)]
 25231 | Snake:3  | HP: 17/111 [poisoned by a naga (splash of poison)]
 25416 | Snake:4  | Killed Vashnia
 26008 | Snake:4  | Received a gift from Trog
 26054 | Snake:4  | HP: 27/112 [poisoned by a nagaraja (bolt of poison)]
 26055 | Snake:4  | Reached XP level 18. HP: 26/117 MP: 6/19
 26059 | Snake:4  | HP: 23/117 [poisoned by a nagaraja (bolt of poison)]
 26064 | Snake:4  | HP: 25/117 [poisoned by a nagaraja (bolt of poison)]
 26069 | Snake:4  | HP: 28/117 [poisoned by a nagaraja (bolt of poison)]
 26075 | Snake:4  | HP: 29/117 [poisoned by a nagaraja (bolt of poison)]
 26242 | Snake:4  | Got a serpentine rune of Zot
 26607 | Snake:4  | Found Decw's Antique Weapon Emporium.
 26611 | Snake:4  | Found Poti's Distillery.
 26617 | Snake:4  | Bought 2 potions of heal wounds for 220 gold pieces
 26617 | Snake:4  | Bought a potion of curing for 66 gold pieces
 26617 | Snake:4  | Bought a potion of haste for 220 gold pieces
 26729 | Snake:4  | Reached skill level 11 in Shields
 27149 | Snake:1  | Reached skill level 16 in Dodging
 27184 | Shoals:1 | Entered Level 1 of the Shoals
 27195 | Shoals:1 | Received a gift from Trog
 27225 | Shoals:1 | Found Dacedaim's Assorted Antiques.
 27259 | Shoals:1 | Reached skill level 16 in Armour
 27308 | Shoals:1 | Received a gift from Trog
 27525 | Shoals:1 | Reached skill level 15 in Fighting
 27534 | Shoals:1 | Reached skill level 18 in Axes
 28402 | Shoals:2 | Noticed Roxanne
 28433 | Shoals:2 | Killed Roxanne
 28437 | Shoals:2 | Received a gift from Trog
 29423 | Shoals:3 | Received a gift from Trog
 29590 | Shoals:3 | Reached XP level 19. HP: 119/119 MP: 20/20
 30026 | Shoals:4 | Entered Level 4 of the Shoals
 30217 | Shoals:4 | Cast into level 3 of the Abyss (merfolk impaler)
 30320 | Abyss:3  | Reached skill level 12 in Shields
 30413 | Abyss:3  | Received a gift from Trog
 30473 | Abyss:3  | Gained mutation: Your flesh is cold resistant. (rC+) [a neqoxec]
 30528 | Abyss:3  | Reached skill level 17 in Armour
 30610 | Abyss:3  | Got an abyssal rune of Zot
 30637 | Shoals:4 | Escaped the Abyss
 30752 | Shoals:4 | Reached skill level 17 in Dodging
 31129 | Shoals:4 | Noticed Ilsuiw
 31206 | Shoals:4 | Killed Ilsuiw
 31494 | Shoals:4 | Received a gift from Trog
 31500 | Shoals:4 | Reached skill level 16 in Fighting
 31602 | Shoals:4 | Got a barnacled rune of Zot
 32081 | Vaults:1 | Entered Level 1 of the Vaults
 32127 | Vaults:1 | Reached XP level 20. HP: 128/131 MP: 21/21
 32697 | Vaults:1 | Reached skill level 13 in Shields
 33158 | Vaults:1 | Received a gift from Trog
 33527 | Vaults:2 | Noticed Donald
 33540 | Vaults:2 | Killed Donald
 33792 | Vaults:2 | Reached skill level 18 in Armour
 34230 | Vaults:2 | Reached skill level 18 in Dodging
 34291 | Vaults:2 | Noticed Asterion
 34303 | Vaults:2 | Killed Asterion
 34303 | Vaults:2 | Received a gift from Trog
 34583 | Vaults:2 | Paralysed by a Zot trap for 4 turns
 34672 | Vaults:2 | Found a staircase to the Crypt.
 34838 | Vaults:3 | Got a smoking hat
 34844 | Vaults:3 | Identified the +2 hat of the Abyss {rPois} (You acquired it on level 3 of the Vaults)
 34892 | Vaults:3 | Reached XP level 21. HP: 138/138 MP: 22/22
 34947 | Vaults:3 | Reached skill level 17 in Fighting
 34954 | Vaults:3 | Identified the ring of Vuciuthro {*Corrode rElec rF+ rN+ Dex+3} (You found it on level 3 of the Vaults)
 35193 | Vaults:3 | Noticed Mara
 35194 | Vaults:3 | Noticed Gorglomux's illusion
 35207 | Vaults:3 | Noticed Frederick
 35211 | Vaults:3 | Killed Mara
 35225 | Vaults:3 | Killed Frederick
 35225 | Vaults:3 | Reached skill level 14 in Shields
 35775 | Vaults:3 | Received a gift from Trog
 36063 | Vaults:3 | Noticed Margery
 36087 | Vaults:3 | Killed Margery
 36250 | Vaults:3 | Received a gift from Trog
 36796 | Vaults:4 | Reached skill level 19 in Armour
 36818 | Vaults:4 | Got a pitted crystal plate armour
 36829 | Vaults:4 | Identified the +2 crystal plate armour of Hedge Wizardry {rF+ Str+4} (You acquired it on level 4 of the Vaults)
 37136 | Vaults:4 | Noticed Saint Roka
 37148 | Vaults:4 | Reached skill level 19 in Dodging
 37165 | Vaults:4 | Killed Saint Roka
 37396 | Vaults:4 | Reached XP level 22. HP: 146/146 MP: 7/23
 37496 | Vaults:4 | Received a gift from Trog
 37780 | Vaults:4 | Identified the Compendium of Dislocated Air
 38029 | Vaults:5 | Entered Level 5 of the Vaults
 38033 | Vaults:4 | Pekkekk: oo squshy troglodyte
 38033 | Vaults:4 | Gorglomux: ye
 38033 | Vaults:4 | Gorglomux: i got so much nice gear
 38033 | Vaults:4 | Gorglomux: that plate
 38033 | Vaults:4 | Gorglomux: going depths then win i guess
 38235 | Depths:1 | Entered Level 1 of the Depths
 38468 | Depths:1 | Found a gateway to Hell.
 38477 | Depths:1 | Received a gift from Trog
 38508 | Depths:1 | Found Huololy's Gadget Boutique.
 38526 | Depths:1 | Reached skill level 15 in Shields
 38777 | Depths:1 | Reached skill level 18 in Fighting
 39056 | Depths:1 | Pekkekk: that's a nice axe
 39056 | Depths:1 | Gorglomux: yeah the 2 ones are sick
 39056 | Depths:1 | Pekkekk: oooooooooh
 39056 | Depths:1 | Gorglomux: trog game the +9 antimagic one, didnt even had to enchant that weapon
 39056 | Depths:1 | Pekkekk: you were the person with the sick fucking plate
 39056 | Depths:1 | Pekkekk: right
 39056 | Depths:1 | Gorglomux: yeah
 39056 | Depths:1 | Gorglomux: still didnt understand how the fuck that can spawn
 39483 | Depths:2 | Reached skill level 1 in Evocations
 39695 | Depths:2 | Pekkekk: IIRC the max + for an artefact is like 1.5x the base armor rating of the armor
 39696 | Depths:2 | Pekkekk: or something like that
 39696 | Depths:2 | Pekkekk: maybe a little more
 39696 | Depths:2 | Pekkekk: iono
 39696 | Depths:2 | Gorglomux: yeah gamma said 23 on cpa
 39698 | Depths:2 | Gorglomux: so 14+9
 39748 | Depths:2 | Noticed Bai Suzhen
 39749 | Depths:2 | Pekkekk: haven't found any nets? nets are OP tech against lichs and aliches
 39751 | Depths:2 | Gorglomux: yeah i got some
 39751 | Depths:2 | Gorglomux: right i don't use them
 39751 | Depths:2 | Gorglomux: probably learn some throwing
 39766 | Depths:2 | Killed Bai Suzhen
 39766 | Depths:2 | Reached skill level 2 in Evocations
 39878 | Depths:2 | Reached skill level 1 in Throwing
 39895 | Depths:2 | Pekkekk: you don't even need any throwing
 39897 | Depths:2 | Pekkekk: they'll hit like 70% of the time anyway
 39902 | Depths:2 | Pekkekk: it's kind of broken
 39921 | Depths:2 | Pekkekk: idk the code behidn it but they hit more often than they miss, even with 0 throwing
 39921 | Depths:2 | Gorglomux: well i gto some spare xp
 39921 | Depths:2 | Gorglomux: ill get 5 in case
 39953 | Depths:2 | Noticed a caustic shrike
 39959 | Depths:2 | Pekkekk: oo
 39966 | Depths:2 | Killed a caustic shrike
 39971 | Depths:2 | Reached skill level 2 in Throwing
 39989 | Depths:2 | Pekkekk: lol ok i was going to say that's dangerous
 40009 | Depths:2 | Pekkekk: but then i remembered how good berserk is
 40009 | Depths:2 | Gorglomux: nah, agility was fine there i guess
 40018 | Depths:2 | Pekkekk: oh jfc
 40031 | Depths:2 | Pekkekk: i didn't realize just *how* high your physical defenses are
 40041 | Depths:2 | Gorglomux: well i dont have a really good shield but 44 27 22 is no jokes
 40041 | Depths:2 | Gorglomux: on a bird
 40134 | Depths:2 | Reached skill level 3 in Evocations
 40214 | Depths:2 | JimmahDean: !rc $p
 40214 | Depths:2 | beem: http://crawl.akrasiac.org/rcfiles/crawl-git/Gorglomux.rc
 40237 | Depths:2 | Gorglomux: its the hda one
 40237 | Depths:2 | JimmahDean: &rc $p
 40237 | Depths:2 | beem: http://CRAWL.XTAHUA.COM/crawl/rcfiles/crawl-git/Gorglomux.rc
 40237 | Depths:2 | Gorglomux: ??hda
 40237 | Depths:2 | beem: shadow dragon scales[1/1]: 10AC, 15 ER, Stlth++++ (Stlth+ compared to robes). Sometimes dropped by a {shadow dragon} when it dies.
 40237 | Depths:2 | Gorglomux: uh
 40237 | Depths:2 | shping: there's also Shekt sometimes
 40240 | Depths:2 | shping: from discord
 40400 | Depths:2 | Found a one-way gate to the infinite horrors of the Abyss.
 40432 | Depths:2 | Reached skill level 3 in Throwing
 40545 | Depths:2 | Reached skill level 4 in Evocations
 40658 | Depths:3 | Reached XP level 23. HP: 153/153 MP: 9/27
 40725 | Depths:3 | Gorglomux: no mr tho
 40725 | Depths:3 | Gorglomux: a bit crappy
 40769 | Depths:3 | Reached skill level 20 in Armour
 40855 | Depths:3 | JimmahDean: I like this rc
 40860 | Depths:3 | Received a gift from Trog
 40866 | Depths:3 | Gorglomux: i mostly took it for the force mores and hp in chat
 40922 | Depths:3 | Gorglomux: i could do a custom one but im lazy
 41058 | Depths:3 | Found a one-way gate leading to the halls of Pandemonium.
 41103 | Depths:3 | Reached skill level 4 in Throwing
 41522 | Depths:4 | Reached skill level 5 in Evocations
 41526 | Depths:4 | Reached skill level 20 in Dodging
 41533 | Depths:4 | Gorglomux: nice whip
 41675 | Depths:4 | Received a gift from Trog
 41714 | Depths:4 | Reached skill level 5 in Throwing
 42384 | Depths:4 | Reached skill level 6 in Throwing
 42388 | Depths:4 | Reached skill level 6 in Evocations
 42418 | Depths:4 | Gorglomux: GOLD
 42697 | Depths:4 | Pekkekk: jesus
 42705 | Depths:4 | Pekkekk: so much money
 42708 | Depths:4 | JimmahDean: Like 1400 gold holy fuck
 42708 | Depths:4 | Gorglomux: easy
 42708 | Depths:4 | Gorglomux: that had to be a hard vault$
 42854 | Depths:5 | Entered Level 5 of the Depths
 42892 | Depths:5 | Received a gift from Trog
 42907 | Depths:5 | Gorglomux: 20hp, too dangerous
 42967 | Depths:5 | Reached skill level 19 in Fighting
 43015 | Depths:5 | JimmahDean: why exclude those?
 43021 | Depths:5 | Pekkekk: i missed it, what did we exclude?
 43021 | Depths:5 | Gorglomux: zot vault and the zig vault can hvae alich/nasty shit inside
 43021 | Depths:5 | Pekkekk: ahh i see
 43130 | Depths:5 | JimmahDean: check your drain
 43130 | Depths:5 | Pekkekk: you should berserk from higher health. berserk gives you temporary HP based on your current HP, so if you zerk at higher HP you get more out of it
 43130 | Depths:5 | Gorglomux: yeah i fucked up that one
 43202 | Depths:5 | Pekkekk: not dead so you didn't get ultimately punished!
 43216 | Depths:5 | Gorglomux: Mouhahaha
 43319 | Depths:5 | Gorglomux: that weapon would be role play for sure
 43332 | Depths:5 | Reached XP level 24. HP: 148/160 MP: 9/29
 43794 | Depths:5 | Found a gate to the Realm of Zot.
 43795 | Depths:5 | Gorglomux: oh that wasnt the zot vault
 43795 | Depths:5 | Gorglomux: okay
 43909 | Depths:5 | Found a gateway to a ziggurat.
 44259 | Depths:5 | Gorglomux: alright, zot time?
 44308 | Depths:5 | JimmahDean: zig first
 44308 | Depths:5 | Gorglomux: NO
 44308 | Depths:5 | JimmahDean: ( ͡° ͜ʖ ͡°)
 44308 | Depths:5 | Gorglomux: !unwon
 44308 | Depths:5 | beem: 30 games for * (!experimental playable): 0/30x BaEE [0.00%]
 44308 | Depths:5 | Gorglomux: i got a baee death in zig 14 in offline , i just needed to celar zot 5
 44308 | Depths:5 | Gorglomux: yesterday i gues
 44333 | Depths:5 | JimmahDean: I like these colors a lot
 44335 | Depths:5 | Gorglomux: well thats not needed but sweet
 44336 | Zot:1    | Entered Level 1 of the Realm of Zot
 44539 | Zot:1    | Reached skill level 21 in Armour
 44726 | Zot:3    | Gorglomux: heyehyehy
 44726 | Zot:3    | Gorglomux: lets open this
 44726 | Zot:3    | Gorglomux: that will be fun
 44741 | Zot:3    | Reached skill level 21 in Dodging
 45049 | Zot:4    | Noticed a curse toe
 45223 | Zot:4    | Killed a curse toe
 45224 | Zot:4    | Gorglomux: wow 0 antimagic effect
 45362 | Zot:4    | Gorglomux: maybe because i wield the wrong one
 45443 | Zot:5    | Entered Level 5 of the Realm of Zot
 45444 | Zot:5    | Gorglomux: okay, time to not fuck up
 45580 | Zot:5    | Noticed a curse toe
 45603 | Zot:5    | Killed a curse toe
 45841 | Zot:5    | Noticed a curse toe
 45870 | Zot:5    | Killed a curse toe
 46109 | Zot:5    | Pekkekk: i'll stay with you for now
 46117 | Zot:5    | Pekkekk: what's your mut set look like?
 46119 | Zot:5    | Gorglomux: 0
 46119 | Zot:5    | Pekkekk: good enough
 46119 | Zot:5    | Gorglomux: didnt even know why i got rc
 46272 | Zot:5    | Pekkekk: gorglomux
 46272 | Zot:5    | Pekkekk: you don't have nets
 46272 | Zot:5    | Gorglomux: i do
 46272 | Zot:5    | Pekkekk: oh
 46272 | Zot:5    | Pekkekk: you do
 46272 | Zot:5    | Pekkekk: they're ust not quivered
 46272 | Zot:5    | Pekkekk: ok
 46272 | Zot:5    | Pekkekk: ignore me
 46272 | Zot:5    | Gorglomux: i also got 100%guessing about the traps
 46301 | Zot:5    | Gorglomux: Wut
 46394 | Zot:5    | Noticed an ancient lich
 46396 | Zot:5    | Noticed an ancient lich
 46400 | Zot:5    | Noticed an ancient lich
 46412 | Zot:5    | HP: 26/162 [golden dragon (17)]
 46414 | Zot:5    | JimmahDean: oh hello
 46416 | Zot:5    | JimmahDean: I'm playing rocket league and I look over and you're dyinmg
 46417 | Zot:5    | HP: 38/162 [golden dragon (18)]
 46418 | Zot:5    | Pekkekk: iiiiiiii just watched gorglomux play like he was racing :\
 46418 | Zot:5    | HP: 15/162 [???[an ancient lich] (12)]
 46418 | Zot:5    | Slain by a golden dragon

Vault maps used:
D:1:      dpeg_arrival_renting
D:2:      yredelemnul_forgotten_temple_becter
D:3:      uniq_terence
D:4:      serial_shops, shop, first_bread, minmay_misc_feat_tiny,
          eino_tiny_chamber, grunt_dithmenos_smoke, uniq_duvessa
D:5:      nemelex_xobeh_ov_fountains_minmay, uniq_crazy_yiuf_cottage, uniq_pikel
D:6:      minmay_temple_entry_trees, grunt_qazlal_sundering, uniq_grinder,
          uniq_eustachio
D:9:      lair_entry_dummy, orc_0_dummy
D:10:     basic_altar, blue_anna_alchemist
D:11:     serial_park_tiny_2, nicolae_for_you_no_charge
D:12:     minivault_22, uniq_kirke, uniq_frances
D:13:     lightli_vaults_fourway_checkpoint, serial_shops, bzr_in_the_mist,
          grunt_gozag_breadcrumbs
D:14:     minmay_two_paths, hangedman_decor_opposing, minivault_16, uniq_snorg
D:15:     grunt_enter_depths_hoard, serial_shops,
          nicolae_shop_overgrown_old_shop, uniq_louise
Lair:2:   lemuel_fruit_fields
Lair:3:   lemuel_slime, shoals_dummy_entry, minmay_snake_entry_six_corridors,
          nicolae_volcano_entry_two_sided, portal_ice_cave_entry_pillars_1
Lair:4:   minivault_23, grunt_forest_stairs_basic, roderic_carrion_pond
Lair:5:   minmay_slime_entry_oklob_enclosed, uniq_josephine
Lair:6:   hangedman_lair_caniforms_friends
Shoals:1: serial_shops, nicolae_shop_waterfront, nicolae_shoals_mertower
Shoals:2: nicolae_shoals_aquamancer_cove, uniq_roxanne
Shoals:3: nicolae_shoals_wave_tunnel
Shoals:4: shoals_end_grunt_ice, shoals_ilsuiw_ice, nicolae_shoals_loop_pool
Snake:1:  serial_shops, shop, minmay_shop_grove, uniq_aizul
Snake:2:  serial_shops, nicolae_shop_waterfront
Snake:4:  snake_hunt, grunt_ministairs_12, st_stairs_8, minmay_shoptagon,
          serial_bayou_shore_b, uniq_vashnia
Orc:1:    trog_book
Orc:2:    st_orc_mages, serial_shops, shop
Vaults:1: hangedman_vaults_trim, vaults_mumra_bighexcomb,
          hangedman_vaults_stagger, ontoclasm_vaults_ring_large,
          nicolae_vaults_triangles, v_misc_33, v_misc_2,
          ontoclasm_vaults_ring_square, serial_ice_g, vaults_mumra_lcd,
          hangedman_vaults_stretched_pinwheel,
          vaults_standard_mumra_enter_the_diamond, v_misc_25,
          ontoclasm_vaults_fault
Vaults:2: minmay_crypt_entry_simple_walls, ontoclasm_vaults_eye, v_misc_30,
          nicolae_vaults_octagons, hangedman_vaults_maws,
          grunt_vaults_hallway_short, v_pattern_4, hangedman_vaults_stitches,
          ontoclasm_vaults_spin, ontoclasm_vaults_ring_square,
          nicolae_vaults_shelves_hall, ontoclasm_vaults_gateway, uniq_asterion,
          uniq_donald
Vaults:3: st_lines, vaults_room_boxed, vaults_room_door_ring, v_misc_19,
          nicolae_vaults_little_squares_4, ontoclasm_vaults_pinch,
          vaults_room_large_hall, v_alt_pattern_3, v_alt_pattern_1,
          nicolae_vaults_mini_display_case, nicolae_vaults_gold_heap, v_misc_19,
          uniq_frederick, uniq_mara, uniq_margery
Vaults:4: nicolae_vaults_twisting_passages, nicolae_vaults_shelves_hall,
          vaults_standard_mumra_lines, v_pattern_2, st_cross, v_misc_19,
          v_misc_13, ontoclasm_vaults_misaligned, vaults_standard_mumra_x,
          uniq_saint_roka
Vaults:5: serial_shops, uniq_jory
Depths:1: serial_shops, shop, kennysheep_cross_landing, hell_entry,
          serial_bayou_lake_a
Depths:2: cross_vault, abyss_entry, hangedman_coc_ice_floe,
          basic_stair_grate_trap, uniq_bai_suzhen
Depths:3: kennysheep_big_flooded_room, hell_entry, kennysheep_boxes, pan_entry
Depths:4: hourglass_vault, lightli_too_deep, abyss_entry, grunt_megastairs_2,
          infiniplex_staircase_star, basic_stair_grate_trap,
          serial_bayou_shore_a, firewood_loft
Depths:5: evilmike_zot_entry_diamond, enter_ziggurat_d, pf_hell_entry_great_geh,
          minivault_11, minmay_door_square, serial_bayou_pond_b,
          minmay_misc_feat_room, minmay_guarded_unrand_wrath_of_trog
Zot:1:    lemuel_baited_zot_trap, st_stairs_3
Zot:3:    door_vault
Abyss:3:  hangedman_abyss_overflow_altar,
          evilmike_nicolae_abyss_rune_containment_curve, evilmike_abyss_exit_16
Bazaar:   bazaar_minmay_row
Volcano:  kennysheep_volcano_temple

Skill      XL: |  1  2  3  4  5  6  7  8  9 10 11 12 13 14 15 16 17 18 19 20 21 22 23 24 |
---------------+-------------------------------------------------------------------------+-----
Axes           | 4 5 6 7 8 10 12 14 16 17 18 | 18.8
Armour         | 3 7 9 11 12 13 14 15 16 17 18 19 20 21 | 21.5
Dodging        | 3 7 9 11 12 13 14 15 16 17 18 19 20 21 | 21.4
Fighting       | 4 6 8 10 12 13 14 15 16 17 18 19 | 19.9
Shields        | 5 8 9 10 11 12 13 14 15 | 15.2
Evocations     | 4 6 |  6.6
Throwing       | 3 6 |  6.8

Action                   |  1- 3 |  4- 6 |  7- 9 | 10-12 | 13-15 | 16-18 | 19-21 | 22-24 || total
-------------------------+-------+-------+-------+-------+-------+-------+-------+-------++-------
Melee: Hand axe          |    84 |    99 |   386 |     3 |       |       |       |       ||   572
       Kick              |    19 |    30 |   118 |   216 |   398 |   513 |   760 |  1002 ||  3056
       Peck              |    10 |    18 |    79 |   123 |   242 |   306 |   466 |   653 ||  1897
       War axe           |       |       |       |   475 |       |       |       |       ||   475
       Broad axe         |       |       |       |    17 |   836 |  1099 |  1472 |  1761 ||  5185
       Battleaxe         |       |       |       |       |     6 |       |       |       ||     6
Throw: Throwing net      |       |       |       |       |       |       |       |     2 ||     2
       Tomahawk          |       |       |       |       |       |       |       |     6 ||     6
Invok: Berserk           |     2 |     2 |    12 |    16 |    15 |    11 |     9 |     8 ||    75
       Trog's Hand       |       |       |     1 |     8 |    10 |    17 |    14 |    36 ||    86
       Burn Spellbooks   |       |       |     1 |     1 |     1 |     2 |     3 |     4 ||    12
       Brothers in Arms  |       |       |       |     2 |     4 |     2 |     3 |     2 ||    13
 Abil: Fly               |       |       |       |       |     1 |       |       |     1 ||     2
       Stop Flying       |       |       |       |       |       |       |       |     2 ||     2
Evoke: Wand              |       |       |       |     8 |     1 |     2 |     2 |    11 ||    24
       Phial of floods   |       |       |       |       |       |       |       |     1 ||     1
  Use: Potion            |       |       |     3 |     1 |     2 |       |     2 |     7 ||    15
       Scroll            |       |       |    11 |    13 |     4 |    12 |    16 |    16 ||    72
 Stab: Distracted        |       |       |       |       |     1 |     1 |     2 |     1 ||     5
       Invisible         |       |       |       |       |       |       |     4 |       ||     4
  Eat: Chunk             |     3 |     5 |    22 |    30 |    37 |    22 |    31 |    21 ||   171
       Fruit             |       |       |       |     3 |       |       |       |       ||     3
       Bread ration      |       |       |       |     2 |     2 |     5 |     2 |     2 ||    13
       Meat ration       |       |       |       |       |       |       |       |     5 ||     5
Armor: Ring mail         |    29 |    28 |    89 |    98 |   116 |       |       |       ||   360
       Plate armour      |       |       |       |       |    46 |   304 |   337 |   471 ||  1158
Dodge: Dodged            |    52 |    59 |   136 |   244 |   523 |   539 |   745 |   796 ||  3094
       Deflected         |       |       |       |     2 |    18 |    68 |    34 |    38 ||   160
Block: Buckler           |       |       |       |    35 |   118 |       |       |       ||   153
       Large shield      |       |       |       |       |   263 |  1087 |  1039 |  1489 ||  3878
       Shield            |       |       |       |       |    10 |       |       |       ||    10

Vault maps used:
D:1:      dpeg_arrival_renting
D:2:      yredelemnul_forgotten_temple_becter
D:3:      uniq_terence
D:4:      serial_shops, shop, first_bread, minmay_misc_feat_tiny,
          eino_tiny_chamber, grunt_dithmenos_smoke, uniq_duvessa
D:5:      nemelex_xobeh_ov_fountains_minmay, uniq_crazy_yiuf_cottage, uniq_pikel
D:6:      minmay_temple_entry_trees, grunt_qazlal_sundering, uniq_grinder,
          uniq_eustachio
D:9:      lair_entry_dummy, orc_0_dummy
D:10:     basic_altar, blue_anna_alchemist
D:11:     serial_park_tiny_2, nicolae_for_you_no_charge
D:12:     minivault_22, uniq_kirke, uniq_frances
D:13:     lightli_vaults_fourway_checkpoint, serial_shops, bzr_in_the_mist,
          grunt_gozag_breadcrumbs
D:14:     minmay_two_paths, hangedman_decor_opposing, minivault_16, uniq_snorg
D:15:     grunt_enter_depths_hoard, serial_shops,
          nicolae_shop_overgrown_old_shop, uniq_louise
Lair:2:   lemuel_fruit_fields
Lair:3:   lemuel_slime, shoals_dummy_entry, minmay_snake_entry_six_corridors,
          nicolae_volcano_entry_two_sided, portal_ice_cave_entry_pillars_1
Lair:4:   minivault_23, grunt_forest_stairs_basic, roderic_carrion_pond
Lair:5:   minmay_slime_entry_oklob_enclosed, uniq_josephine
Lair:6:   hangedman_lair_caniforms_friends
Shoals:1: serial_shops, nicolae_shop_waterfront, nicolae_shoals_mertower
Shoals:2: nicolae_shoals_aquamancer_cove, uniq_roxanne
Shoals:3: nicolae_shoals_wave_tunnel
Shoals:4: shoals_end_grunt_ice, shoals_ilsuiw_ice, nicolae_shoals_loop_pool
Snake:1:  serial_shops, shop, minmay_shop_grove, uniq_aizul
Snake:2:  serial_shops, nicolae_shop_waterfront
Snake:4:  snake_hunt, grunt_ministairs_12, st_stairs_8, minmay_shoptagon,
          serial_bayou_shore_b, uniq_vashnia
Orc:1:    trog_book
Orc:2:    st_orc_mages, serial_shops, shop
Vaults:1: hangedman_vaults_trim, vaults_mumra_bighexcomb,
          hangedman_vaults_stagger, ontoclasm_vaults_ring_large,
          nicolae_vaults_triangles, v_misc_33, v_misc_2,
          ontoclasm_vaults_ring_square, serial_ice_g, vaults_mumra_lcd,
          hangedman_vaults_stretched_pinwheel,
          vaults_standard_mumra_enter_the_diamond, v_misc_25,
          ontoclasm_vaults_fault
Vaults:2: minmay_crypt_entry_simple_walls, ontoclasm_vaults_eye, v_misc_30,
          nicolae_vaults_octagons, hangedman_vaults_maws,
          grunt_vaults_hallway_short, v_pattern_4, hangedman_vaults_stitches,
          ontoclasm_vaults_spin, ontoclasm_vaults_ring_square,
          nicolae_vaults_shelves_hall, ontoclasm_vaults_gateway, uniq_asterion,
          uniq_donald
Vaults:3: st_lines, vaults_room_boxed, vaults_room_door_ring, v_misc_19,
          nicolae_vaults_little_squares_4, ontoclasm_vaults_pinch,
          vaults_room_large_hall, v_alt_pattern_3, v_alt_pattern_1,
          nicolae_vaults_mini_display_case, nicolae_vaults_gold_heap, v_misc_19,
          uniq_frederick, uniq_mara, uniq_margery
Vaults:4: nicolae_vaults_twisting_passages, nicolae_vaults_shelves_hall,
          vaults_standard_mumra_lines, v_pattern_2, st_cross, v_misc_19,
          v_misc_13, ontoclasm_vaults_misaligned, vaults_standard_mumra_x,
          uniq_saint_roka
Vaults:5: serial_shops, uniq_jory
Depths:1: serial_shops, shop, kennysheep_cross_landing, hell_entry,
          serial_bayou_lake_a
Depths:2: cross_vault, abyss_entry, hangedman_coc_ice_floe,
          basic_stair_grate_trap, uniq_bai_suzhen
Depths:3: kennysheep_big_flooded_room, hell_entry, kennysheep_boxes, pan_entry
Depths:4: hourglass_vault, lightli_too_deep, abyss_entry, grunt_megastairs_2,
          infiniplex_staircase_star, basic_stair_grate_trap,
          serial_bayou_shore_a, firewood_loft
Depths:5: evilmike_zot_entry_diamond, enter_ziggurat_d, pf_hell_entry_great_geh,
          minivault_11, minmay_door_square, serial_bayou_pond_b,
          minmay_misc_feat_room, minmay_guarded_unrand_wrath_of_trog
Zot:1:    lemuel_baited_zot_trap, st_stairs_3
Zot:3:    door_vault
Abyss:3:  hangedman_abyss_overflow_altar,
          evilmike_nicolae_abyss_rune_containment_curve, evilmike_abyss_exit_16
Bazaar:   bazaar_minmay_row
Volcano:  kennysheep_volcano_temple

Table legend:
 A = Turns spent in this place as a percentage of turns spent in the entire game.
 B = Non-inter-level travel turns spent in this place as a percentage of non-inter-level travel turns spent in the entire game.
 C = Inter-level travel turns spent in this place as a percentage of turns spent in this place.
 D = Turns resting spent in this place as a percentage of non-inter-level travel turns spent in this place.
 E = Turns spent auto-exploring this place as a percentage of non-inter-level travel turns spent in this place.
 F = Non-inter-level travel turns spent in this place divided by the number of levels of this place that you've seen.
                   A       B       C       D       E      F
               +-------+-------+-------+-------+-------+----------------------
         Total | 100.0 | 100.0 |   0.3 |   3.7 |   6.1 | 445.4
       Dungeon |  25.1 |  25.1 |   0.4 |   4.3 |   7.7 | 364.9
          Lair |  10.2 |  10.2 |   0.5 |   5.3 |   6.6 | 371.2
        Shoals |  10.3 |  10.4 |   0.2 |   2.7 |   5.9 | 565.0
     Snake Pit |  11.1 |  11.1 |   0.5 |   5.9 |   7.1 | 607.5
  Orcish Mines |   3.8 |   3.8 |   0.2 |   2.4 |   8.8 | 419.5
        Vaults |  15.1 |  15.2 |   0.3 |   2.1 |   5.9 | 661.4
        Depths |  14.9 |  14.9 |   0.3 |   3.3 |   5.4 | 651.0
           Zot |   6.2 |   6.2 |   0.0 |   2.5 |   1.0 | 272.0
         Abyss |   2.5 |   2.5 |   0.0 |   0.0 |   0.0 | 553.0
        Bazaar |   0.0 |   0.0 |   0.0 |   0.0 |  37.5 |   8.0
       Volcano |   0.5 |   0.5 |   0.0 |  11.6 |   0.9 | 112.0
               +-------+-------+-------+-------+-------+----------------------

Table legend:
 A = Kills in this place as a percentage of kills in entire the game.
 B = Kills by you in this place as a percentage of kills by you in the entire game.
 C = Kills by friends in this place as a percentage of kills by friends in the entire game.
 D = Other kills in this place as a percentage of other kills in the entire game.
 E = Experience gained in this place as a percentage of experience gained in the entire game.
 F = Experience gained in this place divided by the number of levels of this place that you have seen.
                   A       B       C       D       E      F
               +-------+-------+-------+-------+-------+----------------------
         Total | 100.0 | 100.0 | 100.0 | 100.0 | 100.0 | 19305.3
       Dungeon |  22.4 |  22.4 |  27.3 |   0.0 |   7.8 | 4933.8
          Lair |  12.5 |  12.7 |   9.1 |   0.0 |   5.3 | 8337.2
        Shoals |   9.3 |   9.4 |   4.5 |   0.0 |  10.1 | 23774.5
     Snake Pit |  10.9 |  10.8 |  13.6 |  14.3 |  12.9 | 30610.8
  Orcish Mines |   7.1 |   7.4 |   0.0 |   0.0 |   1.7 | 7891.5
        Vaults |  16.9 |  17.2 |   0.0 |  42.9 |  22.5 | 42644.8
        Depths |  15.3 |  15.4 |   9.1 |  28.6 |  26.9 | 50816.4
           Zot |   2.3 |   2.4 |   0.0 |   0.0 |   8.8 | 16588.0
         Abyss |   2.9 |   2.2 |  31.8 |  14.3 |   3.8 | 36287.0
       Volcano |   0.3 |   0.2 |   4.5 |   0.0 |   0.2 | 2071.0
               +-------+-------+-------+-------+-------+----------------------
